Map: Eastwatch LE

Players

Pabil - Winner!

  • Race: Protoss Protoss
  • League: Platinum
  • Spawn Location: 7:00

axu

  • Race: Protoss Protoss
  • League: Platinum
  • Spawn Location: 1:00

VOD

Have the link to the VOD?

Description

Time

  • Played on: March 20, 2018, 12:35 p.m.
  • Length: 7:14
Show
View Real Time Build Order
Export as new Build Order

Pabil Protoss - Winner!

Build Orders:  

Get SALT Encoding   

  12  0:02  Probe  
  13  0:14  Probe  
  13  0:18  Pylon  
  14  0:28  Probe  
  15  0:40  Gateway, Probe (Chrono Boost)  
  16  0:51  Assimilator  
  16  0:52  Probe (Chrono Boost)  
  17  0:57  Assimilator  
  17  0:58  Probe (Chrono Boost)  
  18  1:10  Probe  
  19  1:19  Gateway  
  19  1:23  Probe  
  20  1:27  Cybernetics Core  
  20  1:34  Pylon  
  20  1:42  Probe  
  21  1:55  Probe  
  22  2:03  Adept (Chrono Boost)  
  22  2:05  Adept (Chrono Boost)  
  22  2:07  Probe  
  27  2:09  Warp Gate  
  27  2:21  Robotics Facility  
  27  2:25  Pylon  
  27  2:35  Stalker  
  29  2:41  Stalker  
  27  3:23  Stalker  
  27  3:24  Observer (Chrono Boost)  
  30  3:27  Nexus  
  30  3:30  Pylon  
  30  3:31  Sentry  
  32  3:36  Pylon  
  32  3:43  Observer  
  33  3:54  Twilight Council  
  33  3:59  Observer  
  33  4:18  Gateway, Probe  
  34  4:26  Immortal, Observer  
  34  4:30  Probe  
  39  4:35  Blink (Chrono Boost)  
  39  4:42  Probe x2  
  41  4:54  Probe  
  41  4:56  Stalker x2  
  42  5:20  Probe x2  
  44  5:21  Pylon  
  44  5:32  Probe x2  
  46  5:36  Shield Battery  
  46  5:38  Stalker  
  46  5:40  Pylon  
  48  5:44  Probe x2, Warp Prism (Chrono Boost)  
  52  5:56  Probe x2  
  54  6:08  Probe  
  54  6:10  Stalker x2  
  57  6:20  Probe  
  57  6:21  Probe  
  58  6:34  Probe x2  
  58  6:37  Observer  
  60  6:42  Assimilator  
  60  6:46  Assimilator, Probe x2  
  62  6:53  Stalker  
  62  6:54  Stalker  
  66  6:56  Zealot  
Show
View Real Time Build Order
Export as new Build Order

axu Protoss 

Build Orders: Oracle Opening 

Get SALT Encoding   

  12  0:01  Probe  
  13  0:15  Probe  
  13  0:18  Pylon  
  14  0:27  Probe  
  15  0:40  Gateway  
  15  0:42  Probe  
  16  0:54  Probe  
  16  0:55  Assimilator  
  17  1:06  Probe  
  17  1:09  Assimilator  
  18  1:12  Gateway  
  18  1:20  Probe (Chrono Boost)  
  19  1:32  Probe (Chrono Boost)  
  20  1:40  Cybernetics Core  
  20  1:45  Probe (Chrono Boost)  
  21  1:56  Probe  
  22  2:03  Pylon  
  22  2:18  Warp Gate  
  22  2:19  Probe  
  22  2:21  Adept x2 (Chrono Boost)  
  27  2:35  Probe  
  28  2:39  Stargate  
  28  2:45  Stalker (Chrono Boost)  
  30  2:55  Probe  
  29  3:28  Nexus  
  29  3:30  Pylon  
  29  3:35  Probe  
  30  3:47  Probe  
  30  3:48  Oracle, Adept x2  
  38  3:59  Probe  
  39  4:33  Pylon  
  39  4:39  Probe x2  
  41  4:49  Gateway x2  
  41  4:51  Probe  
  41  4:52  Gateway, Probe  
  40  5:15  Probe x2  
  42  5:22  Robotics Facility  
  42  5:26  Forge  
  42  5:27  Probe x2  
  44  5:28  Twilight Council  
  44  5:36  Pylon  
  44  5:39  Probe x2  
  44  5:41  Pylon  
  46  5:44  Adept  
  46  5:45  Adept  
  50  5:51  Probe x2  
  52  6:03  Probe  
  52  6:04  Probe  
  46  6:13  Immortal (Chrono Boost)  
  46  6:23  Stalker x4  
  45  6:26  Zealot  
  42  7:02  Pylon  
  42  7:04  Pylon  
  42  7:07  Pylon  
Tags
 
Add a new tag
Caveats
  • Supply blocks, unpowered buildings, or Contaminate may cause inaccurate times.
  • Supply counts are checked every 10 seconds.